 Dungeon Crawl Stone Soup version 0.27-a0-562-g0d39f094a4 (webtiles) character file.

Game seed: 12452607508916068327

243 porpoise the Skirmisher (level 5, -4/50 HPs)
             Began as a Minotaur Delver on Mar 9, 2021.
             Slain by an orc priest
             ... wielding a +0 flail
              (12 damage)
             ... on level 4 of the Dungeon.
             The game lasted 00:02:25 (1078 turns).

porpoise the Skirmisher (Minotaur Delver)           Turns: 1078, Time: 00:02:25

Health: -4/50      AC:  3    Str: 17    XL:     5   Next: 82%
Magic:  4/4        EV: 12    Int:  7    God:
Gold:   50         SH:  0    Dex: 12    Spells: 4/4 levels left

rFire    . . .     SeeInvis .   a - +0 mace
rCold    . . .     Faith    .   (no shield)
rNeg     . . .     Spirit   .   b - +0 leather armour
rPois    .         Reflect  .   (helmet restricted)
rElec    .         Harm     .   (no cloak)
rCorr    .         Rampage  .   (no gloves)
Will     .....                  (no boots)
Stlth    ++........             (no amulet)
HPRegen  0.16/turn              (no ring)
MPRegen  0.09/turn              (no ring)

@: no status effects
A: horns 2, retaliatory headbutt
a: no special abilities


You were on level 4 of the Dungeon.
You visited 1 branch of the dungeon, and saw 2 of its levels.

You collected 50 gold pieces.

Inventory:

Hand Weapons
 a - a +0 mace (weapon)
Armour
 b - a +0 leather armour (worn)
Wands
 g - a wand of digging (3)
Scrolls
 c - a scroll of fog
 d - a scroll of magic mapping
 e - a scroll of fear
 h - a scroll of identify {unknown}
 i - a scroll of noise {unknown}
Potions
 f - a potion of haste


   Skills:
 + Level 6.2 Fighting
 + Level 5.5 Maces & Flails
 - Level 2.1 Dodging
 - Level 4.1 Stealth


You had 4 spell levels left.
You didn't know any spells.
Your spell library was empty.

Dungeon Overview and Level Annotations

Branches:
Dungeon (5/15)
 Temple: D:4-7

Altars:
Fedhas
Qazlal
Vehumet


Innate Abilities, Weirdness & Mutations

You have a pair of horns on your head.
You reflexively headbutt those who attack you in melee.


Message History

The orc shouts!
The orc priest shouts!
Okay, then.
Unknown command.
You hit the orc. You headbutt the orc.
You kill the orc!
The phantom hits you!
You hit the phantom. Your headbutt misses the phantom.
The phantom is moderately damaged.
The phantom hits you.
You hit the phantom but do no damage.
The phantom is moderately damaged.
The orc misses you. The phantom barely misses you. You furiously retaliate!
You headbutt the phantom. You hit the orc. You headbutt the orc.
The orc is severely wounded.
The phantom barely misses you. The phantom hits you.
The phantom blinks!
You blink.
The phantom hits you.
The phantom blinks!
You blink.
The phantom misses you. The phantom closely misses you.
The orc priest looks braver for a moment.
The orc hits you but does no damage. The phantom barely misses you.
You hit the orc priest but do no damage.
The orc closely misses you. You furiously retaliate!
You headbutt the orc. The orc priest barely misses you.
The phantom barely misses you.
You sock the orc priest!
The orc priest is severely wounded.
The orc hits you with a +0 hand axe.
* * * LOW HITPOINT WARNING * * *
The orc closely misses you. The phantom barely misses you.
The orc priest barely misses you. You furiously retaliate!
You headbutt the orc priest!
The orc priest hits you with a +0 flail.
* * * LOW HITPOINT WARNING * * *
You hit the orc priest but do no damage.
The orc priest is severely wounded.
The orc barely misses you. The orc closely misses you. The phantom misses you.
You furiously retaliate!
You headbutt the phantom.
The orc priest hits you with a +0 flail!
You die...

########..
##........
####.....## . #
#.....o...#...#
##....o@........
##.#)..oWo..#....
##.###......## ##
#.## ##.....#
##.###....#..#
##.#.####.....+
##.## ...... #>#
._8_.. #..# ._...


You could see a phantom, 2 orc priests and 2 orcs.

Vanquished Creatures
  A bullfrog zombie (D:5)
  A jelly (D:5)
  An orc priest (D:5)
  An orc wizard (D:5)
  4 worker ants
  A killer bee zombie (D:5)
  A worker ant zombie (D:5)
  3 orcs
  A quokka zombie (D:5)
14 creatures vanquished.

Notes
Turn   | Place    | Note
-------+----------+-------------------------------------------
     0 | D:5      | porpoise the Minotaur Delver began the quest for the Orb.
     0 | D:5      | Reached XP level 1. HP: 19/19 MP: 0/0
     5 | D:5      | Noticed a jelly
     9 | D:5      | Killed a jelly
    10 | D:5      | Reached skill level 4 in Fighting
    10 | D:5      | Reached XP level 2. HP: 18/28 MP: 1/1
    10 | D:5      | Reached XP level 3. HP: 22/34 MP: 2/2
   259 | D:5      | Reached skill level 5 in Fighting
   259 | D:5      | Reached XP level 4. HP: 33/42 MP: 3/3
   569 | D:5      | Reached skill level 5 in Maces & Flails
   569 | D:5      | Reached XP level 5. HP: 47/50 MP: 4/4
   849 | D:5      | Noticed an ogre
   875 | D:5      | Reached skill level 6 in Fighting
  1050 | D:4      | Noticed a phantom
  1056 | D:4      | Found a stormy altar of Qazlal.
  1056 | D:4      | Found a blossoming altar of Fedhas.
  1056 | D:4      | Found a radiant altar of Vehumet.
  1078 | D:4      | Slain by an orc priest

Illustrated notes

Levels and vault maps discovered:
D:4:      layout_loops_corners, chequers_temple_overflow_statue_of_worship,
          old_standard_altar, okawaru_altar_gauntlet_db
D:5:      layout_loops_ring, lemuel_doored_altar, lemuel_temple_firewalk_b

Skill      XL: |  1  2  3  4  5 |
---------------+----------------+-----
Fighting       | 4 5 6 |  6.2
Maces & Flails | 3 4 5 |  5.5
Dodging        | |  2.1
Stealth        | |  4.1

Action                   |  1- 3 |  4- 6 || total
-------------------------+-------+-------++-------
Melee: Mace              |    16 |    63 ||    79
       Headbutt          |     4 |     7 ||    11
 Stab: Sleeping          |     1 |       ||     1
Armor: Leather armour    |     2 |     4 ||     6
Dodge: Dodged            |     8 |    58 ||    66

Table legend: (Time is in decaauts)
 A = Elapsed time spent in this place.
 B = Non-inter-level travel time spent in this place.
 C = Inter-level travel time spent in this place.
 D = Time resting spent in this place.
 E = Time spent auto-exploring this place.
 F = Levels seen in this place.
 G = Mean time per level.
                   A        B        C        D        E       F      G
               +--------+--------+--------+--------+--------+-----+--------+
         Total |   1091 |   1091 |      0 |    782 |      4 |   2 |  545.5 |
       Dungeon |   1091 |   1091 |      0 |    782 |      4 |   2 |  545.5 |
               +--------+--------+--------+--------+--------+-----+--------+

Top non-repeatable levels by time:
     D:5: 954 daAuts
     D:4: 136 daAuts
